Map: Lightshade LE

Players

Astrea

  • Race: Protoss Protoss

PartinG - Winner!

  • Race: Protoss Protoss
  • League: Master

Event: ASUS ROG Fall 2021

VOD

Have the link to the VOD?

Description

Time

  • Played on: Sept. 18, 2021, 1:37 p.m.
  • Length: 9:27
Show
View Real Time Build Order
Export as new Build Order

Astrea Protoss 

Build Orders: Phoenix Opening 

Get SALT Encoding   

  12  0:00  Probe  
  13  0:12  Probe  
  14  0:17  Pylon  
  14  0:24  Probe (Chrono Boost)  
  15  0:36  Gateway, Probe (Chrono Boost)  
  16  0:44  Probe (Chrono Boost)  
  16  0:45  Assimilator  
  17  0:51  Probe  
  17  0:54  Assimilator  
  18  1:03  Probe (Chrono Boost)  
  19  1:07  Gateway  
  19  1:12  Probe (Chrono Boost)  
  19  1:17  Probe (Chrono Boost)  
  20  1:24  Cybernetics Core  
  21  1:29  Probe  
  22  1:34  Pylon  
  22  1:41  Probe  
  23  1:53  Probe  
  24  2:03  Stalker x2, Warp Gate  
  24  2:05  Probe  
  29  2:17  Pylon  
  29  2:18  Probe  
  30  2:24  Pylon  
  30  2:30  Probe  
  30  2:35  Adept x2  
  35  2:55  Nexus  
  35  3:01  Pylon  
  35  3:07  Sentry x2  
  39  3:19  Probe (Chrono Boost)  
  40  3:21  Robotics Facility  
  40  3:31  Probe (Chrono Boost)  
  41  3:37  Probe (Chrono Boost)  
  41  3:41  Pylon, Phoenix  
  42  3:45  Probe  
  43  3:53  Sentry  
  45  3:57  Stalker  
  45  4:00  Probe (Chrono Boost)  
  48  4:05  Warp Prism (Chrono Boost)  
  48  4:09  Probe (Chrono Boost)  
  52  4:17  Stalker, Probe (Chrono Boost)  
  52  4:18  Probe (Chrono Boost)  
  52  4:23  Probe x2 (Chrono Boost)  
  55  4:34  Observer (Chrono Boost)  
  55  4:35  Probe  
  55  4:37  Probe  
  55  4:38  Twilight Council  
  58  4:46  Assimilator  
  58  4:47  Forge  
  58  4:48  Probe  
  58  4:49  Assimilator  
  58  4:50  Probe  
  60  4:54  Sentry  
  60  4:55  Pylon  
  62  5:01  Probe  
  62  5:02  Probe  
  62  5:07  Immortal  
  68  5:11  Blink (Chrono Boost)  
  68  5:13  Probe  
  69  5:19  Protoss Ground Weapons Level 1 (Chrono Boost)  
  69  5:21  Probe  
  70  5:22  Pylon  
  70  5:28  Probe  
  70  5:35  Pylon  
  71  5:44  Stalker x2  
  71  5:48  Immortal  
  79  5:56  Pylon  
  79  6:08  Stalker x2  
  82  6:16  Gateway  
  82  6:20  Gateway  
  78  6:27  Probe x2, Immortal  
  71  6:41  Probe  
  71  6:46  Stalker x2  
  69  6:58  Probe  
  62  7:10  Probe  
  62  7:15  Nexus  
  59  7:23  Warp Prism (Chrono Boost)  
  61  7:31  Sentry  
  61  7:33  Sentry  
  65  7:55  Pylon  
  65  7:57  Pylon  
  52  8:13  Probe  
  52  8:16  Stalker  
  55  8:25  Probe  
  54  8:28  Nexus  
  52  8:37  Probe  
  48  8:49  Probe  
  48  8:50  Dark Shrine  
  48  8:53  Warp Prism (Chrono Boost)  
  51  9:04  Probe  
  51  9:08  Shield Battery  
Show
View Real Time Build Order
Export as new Build Order

PartinG Protoss - Winner!

Build Orders: Phoenix Opening, Blink Stalkers 

Get SALT Encoding   

  12  0:00  Probe  
  13  0:12  Probe  
  14  0:16  Pylon  
  14  0:24  Probe (Chrono Boost)  
  15  0:36  Gateway, Probe (Chrono Boost)  
  16  0:44  Probe (Chrono Boost)  
  16  0:45  Assimilator  
  17  0:50  Probe  
  17  0:53  Assimilator  
  18  1:03  Probe (Chrono Boost)  
  19  1:06  Gateway  
  20  1:12  Probe (Chrono Boost)  
  20  1:17  Probe (Chrono Boost)  
  20  1:23  Cybernetics Core  
  21  1:29  Probe  
  22  1:33  Pylon  
  22  1:41  Probe  
  23  1:53  Probe  
  24  1:56  Warp Gate (Chrono Boost)  
  24  1:59  Sentry  
  26  2:02  Stalker  
  26  2:08  Probe  
  29  2:11  Pylon  
  29  2:28  Stalker  
  31  2:30  Probe  
  31  2:32  Pylon  
  31  2:33  Sentry  
  34  2:48  Shield Battery  
  34  2:53  Nexus  
  34  3:00  Probe  
  35  3:10  Pylon  
  35  3:12  Probe (Chrono Boost)  
  36  3:14  Twilight Council  
  36  3:24  Probe (Chrono Boost)  
  37  3:31  Probe (Chrono Boost)  
  37  3:34  Shield Battery  
  37  3:37  Adept x2  
  37  3:38  Probe  
  42  3:45  Phoenix  
  42  3:48  Blink (Chrono Boost)  
  42  3:50  Probe  
  43  4:00  Stalker  
  43  4:01  Stalker  
  47  4:05  Probe  
  47  4:07  Probe  
  49  4:15  Gateway  
  47  4:26  Probe x2  
  47  4:29  Stalker x2  
  51  4:38  Pylon, Probe x2  
  53  4:50  Forge, Probe x2  
  55  4:53  Stalker  
  55  4:57  Stalker  
  59  5:01  Assimilator  
  59  5:02  Probe  
  59  5:03  Probe  
  61  5:10  Robotics Facility  
  61  5:14  Probe  
  61  5:15  Probe  
  61  5:17  Pylon  
  63  5:28  Nexus  
  63  5:32  Protoss Ground Weapons Level 1 (Chrono Boost)  
  63  5:34  Pylon  
  64  5:37  Probe  
  64  5:39  Probe  
  65  5:44  Adept x2  
  69  5:53  Probe x2  
  69  5:54  Stalker  
  69  5:56  Shield Battery  
  69  6:07  Immortal (Chrono Boost)  
  69  6:09  Gateway  
  73  6:15  Stalker  
  73  6:16  Stalker  
  77  6:26  Shield Battery x2  
  77  6:31  Pylon  
  77  6:32  Stalker  
  76  6:46  Stalker x2  
  67  6:59  Probe x2  
  67  7:00  Stalker  
  62  7:10  Stalker x3  
  70  7:17  Probe (Chrono Boost)  
  70  7:18  Probe (Chrono Boost)  
  70  7:19  Probe (Chrono Boost)  
  70  7:20  Observer  
  72  7:27  Probe (Chrono Boost)  
  72  7:29  Probe (Chrono Boost)  
  75  7:30  Stalker, Probe (Chrono Boost)  
  75  7:35  Probe  
  78  7:38  Probe  
  78  7:39  Charge, Probe  
  78  7:47  Probe  
  78  7:49  Stalker  
  78  7:50  Probe  
  79  7:51  Probe  
  79  7:55  Stalker  
  75  8:06  Probe x2  
  75  8:08  Pylon  
  75  8:13  Immortal (Chrono Boost)  
  75  8:21  Sentry  
  75  8:22  Zealot  
  71  8:28  Stalker  
  71  8:30  Stalker  
  73  8:47  Stalker x2, Immortal (Chrono Boost)  
  75  8:52  Probe  
  75  8:55  Shield Battery  
  78  8:58  Probe  
  78  8:59  Probe  
  80  9:07  Stalker x2  
Tags
 
Add a new tag
Caveats
  • Supply blocks, unpowered buildings, or Contaminate may cause inaccurate times.
  • Supply counts are checked every 10 seconds.